 Dungeon Crawl Stone Soup version 0.31.0-9-g3a7656b989 (webtiles) character file.

Game seed: 13082759792865094241

32 qw the Shooter (level 3, 0/20 HPs)
             Began as a Deep Elf Hunter on Feb 2, 2024.
             Succumbed to their own poison gas
             ... on level 1 of the Dungeon.
             The game lasted 00:00:01 (609 turns).

qw the Shooter (Deep Elf Hunter)                     Turns: 609, Time: 00:00:02

Health: 0/20       AC:  7    Str: 10    XL:     3   Next: 8%
Magic:  5/5        EV:  9    Int: 13    God:
Gold:   19         SH:  0    Dex: 18    Spells: 2/2 levels left

rFire   . . .        a - +0 shortbow
rCold   . . .        (shield currently unavailable)
rNeg    . . .        e - +0 scale mail
rPois   .            (no helmet)
rElec   .            (no cloak)
rCorr   .            (no gloves)
SInv    .            g - +0 pair of boots
Will    .....        (no amulet)
Stlth   +            (no ring)
HPRegen 0.23/turn    (no ring)
MPRegen 0.09/turn

%: no passive effects
@: lethally poisoned (0 -> -4)
A: no striking features
a: no special abilities


You were on level 1 of the Dungeon.
You visited 1 branch of the dungeon, and saw 1 of its levels.

You collected 45 gold pieces.
You spent 26 gold pieces at shops.


   Skills:
 - Level 1.5 Fighting
 + Level 6.7 Ranged Weapons
 - Level 2.4 Dodging
 - Level 1.2 Stealth


You had 2 spell levels left.
You didn't know any spells.
Your spell library was empty.

Inventory:

Hand Weapons
 a - a +0 shortbow (weapon)
Armour
 e - a +0 scale mail (worn)
 g - a +0 pair of boots (worn)
Potions
 d - a potion of haste {unknown}
 h - a potion of enlightenment {unknown}

Dungeon Overview and Level Annotations

Branches:
Dungeon (1/15)

Altars:

Shops:
D:1 *


Message History

Done exploring.
601 ||| READING scroll labelled METUISI AFAOMN.
The air fills with toxic fumes!
As you read the scroll labelled METUISI AFAOMN, it crumbles to dust.
It was a scroll of poison.
Done exploring.
602 ||| DROPPING scroll of butterflies.
You drop a scroll of butterflies.
Done exploring.
603 ||| DROPPING 2 scrolls of revelation.
You drop 2 scrolls of revelation.
Done exploring.
What level of the Dungeon? (default 1, ? - help) Sorry, I don't know how to get there.
Enter note:
Enter note:
Enter note:
Enter note:
Enter note:
Enter note:
Enter note:
Enter note:
Enter note:
Enter note:
Enter note:
Enter note: You are engulfed in poison gas.
You are poisoned.
You feel very sick.
There is an open door here.
605 ||| Stepping ~*~*~tactically~*~*~ (cloud).
You feel very sick.
Things that are here:
2 scrolls of revelation; a scroll of butterflies; a +0 leather armour
There is a lethal amount of poison in your body!
You feel sick.
There is a lethal amount of poison in your body!
You feel sick.
There is a lethal amount of poison in your body!
You feel sick.
There is a lethal amount of poison in your body!
You die...

##################
##############.<.######
#########¤¤¤¤¤........##
#######¤¤¤0¤¤0..........
#####0¤@¤¤00¤0..........
#####0#¤¤¤¤00¤..........
####¤.###¤¤0¤¤........##
###¤.######0¤¤......###
###.#########0....###
###.#######.........###
###.#####.............##
###..##.......~~~.......
#...'.....~~~~~~~.....


There were no monsters in sight!

Vanquished Creatures
  A dart slug (D:1)
  3 endoplasms (D:1)
  A giant cockroach (D:1)
  2 goblins (D:1)
  4 hobgoblins (D:1)
  4 kobolds (D:1)
  4 quokkas (D:1)
  2 ball pythons (D:1)
  2 bats (D:1)
  A frilled lizard (D:1)
  2 rats (D:1)
26 creatures vanquished.

Notes
Turn   | Place    | Note
-------+----------+-------------------------------------------
     0 | D:1      | qw the Deep Elf Hunter began the quest for the Orb.
     0 | D:1      | Reached XP level 1. HP: 12/12 MP: 3/3
     0 | D:1      | 0 ||| qw: Version: 0.3-a-155-g5e7d8dd
     0 | D:1      | 0 ||| qw: Game counter: 67
     0 | D:1      | 0 ||| qw: Melee chars always use a shield: true
     0 | D:1      | 0 ||| qw: God list: Okawaru
     0 | D:1      | 0 ||| qw: Allow faded altars: false
     0 | D:1      | 0 ||| qw: Do Orc after clearing Dungeon:15 true
     0 | D:1      | 0 ||| qw: Do second Lair branch before Depths: true
     0 | D:1      | 0 ||| qw: Lair rune preference: random
     0 | D:1      | 0 ||| qw: Goals: Normal
     0 | D:1      | 0 ||| PLANNING D:1-11
    59 | D:1      | Reached XP level 2. HP: 16/16 MP: 4/4
   105 | D:1      | Reached skill level 6 in Ranged Weapons
   361 | D:1      | Found Haxeotod's Assorted Antiques.
   367 | D:1      | 367 ||| SHOPLISTING 2 clear potions (46 gold, have 45).
   367 | D:1      | 367 ||| SHOPLISTING ivory ring (130 gold, have 45).
   367 | D:1      | 367 ||| BUYING scroll labelled METUISI AFAOMN (26 gold).
   367 | D:1      | Bought a scroll labelled METUISI AFAOMN for 26 gold pieces
   531 | D:1      | Reached XP level 3. HP: 20/20 MP: 5/5
   584 | D:1      | 584 ||| UPGRADING to +0 scale mail.
   594 | D:1      | 594 ||| DROPPING +0 leather armour.
   595 | D:1      | 595 ||| UPGRADING to +0 pair of boots.
   600 | D:1      | 600 ||| READING 3 scrolls labelled MIEWUAFEMI.
   601 | D:1      | 601 ||| READING scroll labelled METUISI AFAOMN.
   602 | D:1      | 602 ||| DROPPING scroll of butterflies.
   603 | D:1      | 603 ||| DROPPING 2 scrolls of revelation.
   605 | D:1      | 605 ||| Stepping ~*~*~tactically~*~*~ (cloud).
   606 | D:1      | HP: 4/20 [poisoned by you (poison gas)]
   608 | D:1      | HP: 1/20 [poisoned by you (poison gas)]
   609 | D:1      | Succumbed to their own poison gas

Levels and vault maps discovered:
D:1:      nzn_arrival_depleted_hourglass, layout_rooms, serial_shops, shop,
          serial_curves, eino_curves_04, eino_curves_04, eino_curves_01

Skill      XL: |  1  2 |
---------------+-------+-----
Ranged Weapons | 6 |  6.7
Fighting       | |  1.5
Dodging        | |  2.4
Stealth        | |  1.2

Action                     || total
---------------------------++-------
   Fire: Shortbow          ||    59
    Use: Scroll            ||     2
 Armour: Leather armour    ||     4
  Dodge: Dodged            ||     4

Table legend:
 A = Non-vault XP
 B = Vault XP
 C = Vault XP percentage of total XP
 D = Non-vault monster count
 E = Vault monster count
 F = Vault count percentage of total count
                 A         B        C        D         E       F
            +---------+---------+-------+---------+---------+-------
      Total |      46 |       0 |   0.0 |      26 |       0 |   0.0
            +---------+---------+-------+---------+---------+-------
        D:1 |      46 |       0 |   0.0 |      26 |       0 |   0.0
            +---------+---------+-------+---------+---------+-------
